 Dungeon Crawl Stone Soup version 0.21.1-1-g345015f (webtiles) character file.

51 shakethe the Skirmisher (level 4, 0/37 HPs)
             Began as a Formicid Abyssal Knight on Feb 7, 2018.
             Was a Believer of Lugonu.
             Slain by an adder (5 damage)
             ... on level 2 of the Dungeon.
             The game lasted 00:02:12 (973 turns).

shakethe the Skirmisher (Formicid Abyssal Knight)    Turns: 973, Time: 00:02:13

Health: 0/37       AC:  3    Str: 16    XL:     4   Next: 5%
Magic:  5/5        EV:  6    Int: 12    God:    Lugonu [**....]
Gold:   56         SH: 11    Dex: 11    Spells: 3/3 levels left

rFire    . . .     SeeInvis +   a - +1 hand axe
rCold    . . .     Gourm    .   f - +0 large shield
rNeg     . . .     Faith    .   b - +0 leather armour
rPois    .         Spirit   .   (helmet unavailable)
rElec    .         Reflect  .   (no cloak)
rCorr    .         Harm     .   (no gloves)
MR       .....                  (no boots)
Stlth    +.........             (no amulet)
HPRegen  0.12/turn              (no ring)
MPRegen  0.09/turn              (no ring)

@: no status effects
A: permanent stasis, dig shafts and tunnels, four strong arms, antennae 3
a: Dig, Shaft Self, Depart the Abyss, Bend Space, Renounce Religion


You were on level 2 of the Dungeon.
You worshipped Lugonu.
Lugonu was pleased with you.
You were not hungry.

You visited 1 branch of the dungeon, and saw 2 of its levels.
You visited the Abyss 1 time.

You collected 56 gold pieces.

Inventory:

Hand Weapons
 a - a +1 hand axe (weapon)
Armour
 b - a +0 leather armour (worn)
 f - a +0 large shield (worn)
Jewellery
 g - a cursed ring of loudness {unknown}
Scrolls
 e - 4 scrolls of magic mapping {unknown}
 i - a scroll of fog {unknown}
Potions
 d - 2 potions of curing {unknown}
 h - a potion of lignification {unknown}
 j - a potion of degeneration {unknown}
Comestibles
 c - 2 rations


   Skills:
 - Level 3.9 Fighting
 * Level 2.9 Axes
 - Level 2.4 Armour
 - Level 1.0 Dodging
 + Level 0.8 Shields
 + Level 2.6 Invocations


You had 3 spell levels left.
You didn't know any spells.

Dungeon Overview and Level Annotations

Branches:
Dungeon (2/15)

Altars:
Vehumet


Innate Abilities, Weirdness & Mutations

You cannot be hasted, slowed, berserked, paralysed or teleported.
You can dig through walls and to a lower floor.
Your four strong arms can wield two-handed weapons with a shield.
You have a pair of large antennae on your head. (SInv)


Message History

The gnoll is heavily wounded.
You hit the adder. You hit the gnoll but do no damage.
The gnoll hits you but does no damage. The adder barely misses you.
The gnoll hits you. You block the gnoll's attack. The gnoll closely misses you.
You block the adder's attack. The gnoll hits you.
The gnoll hits you with a short sword!
* * * LOW HITPOINT WARNING * * *
You block the adder's attack.
A jackal comes into view.
The jackal barks!
You block the gnoll's attack.
Okay, then.
The adder bites you.
* * * LOW HITPOINT WARNING * * *
Found a scroll labeled DISUFU ACLOEM.
The gnoll closely misses you. The adder barely misses you.
Found a metallic dark potion and a purple potion.
The adder bites you.
You die...

#. #....#.)####.#.
##.###.##.#.......#.
###.......h...........
.....#..##....##......
.####...#g.g.####?.....
......h.g.##.# #.##...
#####..###..# #.###..
##S.!.....# ..# ##.
#.@.........### #.
#.##......## ## #.
...?..# ##### .!
......# #..(. .#.
......# #.... ....
......# #.... .. ##
.... #.... ... #....
#....


You could see 2 gnolls, an adder and a jackal.

Vanquished Creatures
  A gnoll (D:2)
  2 oozes (D:1)
  3 dart slugs
  A leopard gecko (D:1)
  A bat (D:1)
  2 giant cockroaches (D:1)
  5 goblins
  3 hobgoblins
  A kobold (D:1)
  5 frilled lizards
  A rat (D:1)
25 creatures vanquished.

Notes
Turn   | Place    | Note
-------+----------+-------------------------------------------
     0 | Abyss:1  | shakethe the Formicid Abyssal Knight began the quest for the Orb.
     0 | Abyss:1  | Reached XP level 1. HP: 18/18 MP: 2/2
    56 | D:1      | Escaped the Abyss
   200 | D:1      | Reached XP level 2. HP: 25/25 MP: 3/3
   401 | D:1      | Reached XP level 3. HP: 22/30 MP: 4/4
   412 | D:1      | Reached skill level 1 in Dodging
   647 | D:1      | Reached ** piety under Lugonu
   891 | D:2      | Found a radiant altar of Vehumet.
   961 | D:2      | Reached XP level 4. HP: 26/37 MP: 5/5
   973 | D:2      | Slain by an adder

Skill      XL: |  1  2  3 |
---------------+----------+-----
Dodging        | 1 |  1.0
Fighting       | |  3.9
Axes           | |  2.9
Armour         | |  2.4
Shields        | |  0.8
Invocations    | |  2.6

Action                   |  1- 3 |  4- 6 || total
-------------------------+-------+-------++-------
Melee: Hand axe          |    67 |     2 ||    69
Armor: Leather armour    |    12 |       ||    12
Dodge: Dodged            |    28 |     4 ||    32
Block: Large shield      |    16 |     6 ||    22
